 Dungeon Crawl Stone Soup version 0.14-a0-2400-gb2944a8 (webtiles) character file.

152 Jenx the Insei (level 3, 0/19 HPs)
             Began as a Vine Stalker Monk on Feb 3, 2014.
             Was a Believer of Okawaru.
             Slain by a worm (8 damage)
             ... on Level 2 of the Dungeon.
             The game lasted 00:04:12 (1507 turns).

Jenx the Insei (Vine Stalker Monk)                  Turns: 1507, Time: 00:04:12

HP   0/19        AC  5     Str 13      XL: 3   Next: 45%
MP   0/4         EV 12     Int 10      God: Okawaru [**....]
Gold 113         SH  0     Dex 17      Spells:  0 memorised,  2 levels left

rFire  . . .     SeeInvis +       - Unarmed
rCold  . . .     Clarity  .     a - +0 leather armour
rNeg   . . .     Conserve .     (no shield)
rPois  .         rCorr    .     f - +0 helmet
rElec  .         rRot     +     (no cloak)
SustAb . .       Spirit   +     k - +0 pair of elf gloves
rMut   .         Warding  .     (no boots)
Saprov . . .     Stasis   .     (no amulet)
MR     .....                    (no ring)
                                h - ring of see invisible {unknown}

@: not resistant to hostile enchantments, fairly stealthy
A: fangs 2, regeneration 1, magic shield, antimagic bite, no device heal
a: Heroism, Renounce Religion


You were on level 2 of the Dungeon.
You worshipped Okawaru.
Okawaru was pleased with you.
You were not hungry.

You visited 1 branch of the dungeon, and saw 2 of its levels.

You collected 113 gold pieces.

Inventory:

Hand weapons
 o - a +2,+2 long sword of holy wrath
Armour
 a - a +0 leather armour (worn)
 e - a +0 robe
 f - a +0 helmet (worn)
 k - a +0 pair of elven gloves (worn)
Comestibles
 b - 2 bread rations
 i - an apricot
 j - a chunk of rat flesh
 m - an apple
 n - a chunk of giant cockroach flesh
 t - a rotting chunk of giant cockroach flesh
 u - a rotting chunk of giant cockroach flesh
 v - a rotting chunk of jackal flesh
 w - a rotting chunk of adder flesh
Scrolls
 d - a scroll of remove curse
 l - a scroll of enchant weapon I {unknown}
 q - a scroll of noise {unknown}
 s - a scroll of fear {unknown}
Jewellery
 h - a ring of see invisible (left hand) {unknown}
Potions
 c - 3 potions of heal wounds {unknown}
 g - a potion of paralysis {unknown}
 p - 2 potions of poison {unknown}
 r - 2 potions of flight {unknown}


   Skills:
 - Level 2.6 Fighting
 - Level 2.4 Dodging
 - Level 2.4 Stealth
 * Level 5.1 Unarmed Combat


You had 2 spell levels left.
You didn't know any spells.

Dungeon Overview and Level Annotations

Branches:
Dungeon (2/16)

Altars:
Okawaru
Xom
The Shining One


Innate Abilities, Weirdness & Mutations

You have extremely sharp teeth.
Your natural rate of healing is unusually fast.
When hurt, damage is shared between your health and your magic reserves.
Your bite disrupts and absorbs the magic of your enemies.
Potions and wands cannot restore your HP.


Message History

You smell something rotten. (slots t, v and w)
A worm comes into view.
The worm bites you.
You barely miss the worm. You bite the worm. You drain its power.
The worm is lightly wounded.
The worm barely misses you.
You barely miss the worm.
The worm is lightly wounded.
You hit the worm but do no damage. You bite the worm. You drain its power.
The worm is moderately wounded.
The worm bites you.
You hit the worm.
The worm is moderately wounded.
The worm bites you!
You hit the worm.
The worm is heavily wounded.
You hit the worm. You bite the worm. You drain its power.
You feel invigorated.
The worm is severely wounded.
The worm bites you!
You die...

###.###.# #.## #..# #.#. #
#..##.# #..# #..# #.## ###.....#
#..# ####..# #.##
......#.#####..# #.....# #.##
#.##..#........# #.#.#.# #.##
#.##..#######..####.#.#.## #.##
######.........#....#..).#####. #
#.#⌠########....w#####.........##
#.#.♣#.###......@...#..#.########
....##..........##.>#............
.....#........####..#.#.#########
#.#..#.###.##.####....#.# #...
#.#_##........##.....##.# #.##
########.#.#####.#(#.##.######.##
#.# #...# #.......##..........
#.###.#####.#.#.#.#########.##
#...........#..>..###.........


You could see a worm.

Vanquished Creatures
  An adder (D:2)
  A giant gecko (D:1)
  4 giant cockroaches
  4 hobgoblins
  4 jackals
  A quokka (D:2)
  A ball python (D:2)
  A bat (D:1)
  2 giant newts
  A goblin (D:1)
  5 kobolds
  7 rats
32 creatures vanquished.

Notes
Turn   | Place    | Note
--------------------------------------------------------------
     0 | D:1      | Jenx, the Vine Stalker Monk, began the quest for the Orb.
     0 | D:1      | Reached XP level 1. HP: 11/11 MP: 1/1
   517 | D:1      | Reached XP level 2. HP: 16/16 MP: 3/3
  1256 | D:2      | Reached skill level 5 in Unarmed Combat
  1256 | D:2      | Reached XP level 3. HP: 14/19 MP: 4/4
  1452 | D:2      | Found an iron altar of Okawaru.
  1458 | D:2      | Found a shimmering altar of Xom.
  1461 | D:2      | Found a glowing golden altar of the Shining One.
  1471 | D:2      | Became a worshipper of Warmaster Okawaru
  1471 | D:2      | Acquired Okawaru's first power
  1507 | D:2      | Slain by a worm

Action                   || total
-------------------------++-------
Melee: Unarmed           ||    76
  Use: Scroll            ||     1
 Stab: Sleeping          ||     5
